 Dungeon Crawl Stone Soup version 0.21.2 (webtiles) character file.

107434 toffzen the Fighter (level 16, -3/208 HPs)
             Began as an Ogre Transmuter on Oct 11, 2018.
             Was a High Priest of Okawaru.
             Slain by a wolf spider (7 damage)
             ... on level 2 of the Spider Nest on Oct 19, 2018.
             The game lasted 02:17:44 (36541 turns).

toffzen the Fighter (Ogre Transmuter)              Turns: 36541, Time: 02:17:45

Health: -3/208     AC:  7    Str: 18    XL:     16   Next: 46%
Magic:  14/23      EV:  1    Int: 20    God:    Okawaru [*****.]
Gold:   2232       SH:  0    Dex: 11    Spells: 5/25 levels left

rFire    x . .     SeeInvis .     - Unarmed
rCold    + + +     Gourm    .   (shield currently unavailable)
rNeg     + + +     Faith    .   (armour currently unavailable)
rPois    ∞         Spirit   .   (helmet currently unavailable)
rElec    .         Reflect  .   (cloak currently unavailable)
rCorr    .         Harm     .   (gloves unavailable)
MR       +....                  (boots unavailable)
Stlth    +++.......             f - amulet of regeneration
HPRegen  0.84/turn              o - ring of poison resistance
MPRegen  0.18/turn              Q - +3 ring of intelligence

@: lethally poisoned (-3 -> -3), ice-form, petrified, heroism
A: large, unfitting armour
a: End Transformation, Heroism, Finesse, Renounce Religion


You were on level 2 of the Spider Nest.
You worshipped Okawaru.
Okawaru was extremely pleased with you.
You were not hungry.
You were a creature of crystalline ice.
You visited 4 branches of the dungeon, and saw 25 of its levels.

You collected 2400 gold pieces.
You spent 168 gold pieces at shops.

Inventory:

Missiles
 a - 925 arrows
 g - 843 stones
 H - 9 large rocks (quivered)
Armour
 b - a +2 robe of magic resistance
 i - a scarf of spirit shield
 L - a +1 robe of resistance (melded)
 R - the +2 shield of Wasted Space (melded) {Regen+ Int+3}
   (Okawaru gifted it to you on level 13 of the Dungeon)

   It affects your intelligence (+3).
   It increases your rate of regeneration.
 V - a +2 hat (melded)
 Y - a scarf of repulsion (melded)
Jewellery
 f - an amulet of regeneration (around neck)
 o - a ring of poison resistance (left front paw)
 s - an uncursed ring of protection from cold
 O - a +2 ring of protection
 Q - a +3 ring of intelligence (right front paw)
Wands
 v - a wand of polymorph (47)
 w - a wand of digging (2)
 B - a wand of iceblast (35)
 G - a wand of paralysis (23)
 S - a wand of flame (80)
Scrolls
 j - 4 scrolls of enchant armour
 l - 9 scrolls of remove curse
 p - 3 scrolls of magic mapping
 r - 5 scrolls of teleportation
 u - a scroll of torment {unknown}
 y - a scroll of fog {unknown}
 z - 4 scrolls of immolation
 F - a scroll of silence {unknown}
 I - a scroll of fear
 M - 3 scrolls of amnesia
 T - a scroll of holy word
 W - 2 scrolls of vulnerability
 Z - a scroll of acquirement {unknown}
Potions
 e - 3 potions of berserk rage
 h - 6 potions of lignification
 k - a potion of brilliance
 n - 3 potions of mutation
 q - a potion of resistance
 t - 5 potions of haste
 x - 3 potions of cancellation
 C - 2 potions of heal wounds
 D - a potion of invisibility
 E - 4 potions of might
 J - 4 potions of curing
 N - a potion of flight
 U - a potion of magic {unknown}
 X - 2 potions of agility
Books
 c - a book of Changes

   Spells                             Type                      Level
   a - Beastly Appendage              Transmutation                1
   b - Sticks to Snakes               Transmutation                2
   c - Spider Form                    Transmutation/Poison         3
   d - Ice Form                       Ice/Transmutation            4
   e - Blade Hands                    Transmutation                5
 A - a book of Minor Magic

   Spells                             Type                      Level
   a - Magic Dart                     Conjuration                  1
   b - Blink                          Translocation                2
   c - Call Imp                       Summoning                    2
   d - Slow                           Hexes                        2
   e - Conjure Flame                  Conjuration/Fire             3
   f - Mephitic Cloud                 Conjuration/Poison/Air       3
 P - a book of Power

   Spells                             Type                      Level
   a - Iskenderun's Battlesphere      Conjuration/Charms           5
   b - Venom Bolt                     Conjuration/Poison           5
   c - Bolt of Magma                  Conjuration/Fire/Earth       5
   d - Iron Shot                      Conjuration/Earth            6
   e - Orb of Destruction             Conjuration                  7
   f - Spellforged Servitor           Conjuration/Summoning        7
Miscellaneous
 K - a phantom mirror
Comestibles
 d - 30 rations


   Skills:
 + Level 14.8(19.8) Fighting
 + Level 11.1(16.1) Dodging
 - Level 9.2(14.2) Shields
 + Level 14.8(19.8) Unarmed Combat
 - Level 5.0 Spellcasting
 + Level 8.3 Transmutations
 - Level 6.0 Ice Magic
 - Level 1.0 Poison Magic
 + Level 10.0 Invocations


You had 5 spell levels left.
You knew the following spells:

 Your Spells              Type           Power        Failure   Level  Hunger
a - Beastly Appendage     Tmut           #####.       1%          1    None
b - Spider Form           Tmut/Pois      ###.......   4%          3    ##.....
c - Sticks to Snakes      Tmut           #####...     1%          2    None
d - Ice Form              Ice/Tmut       ####....     6%          4    ####...
e - Blade Hands           Tmut           #####.....   11%         5    #####..
f - Apportation           Tloc           #.....       12%         1    None
g - Summon Lightning Spi  Summ/Air       #.......     75%         4    ####...


Dungeon Overview and Level Annotations

Branches:
Dungeon (15/15)            Temple (0/1) D:6            Lair (6/6) D:10
  Swamp (0/4) Lair:4       Spider (2/4) Lair:4        Slime (0/5) Lair:6
    Orc (2/2) D:12            Elf (0/3) Orc:2        Vaults (0/5) D:13
 Depths (0/5) D:15

Altars:
Dithmenos
Gozag
Hepliaklqana
Makhleb
Okawaru
Qazlal
Ru
Trog
Uskayaw
Vehumet
Wu Jian
Yredelemnul
Zin
Jiyva

Shops:
D:2 *   D:6 *   D:10 }   D:15 *   Orc:2 ??[(

Portals:
Trove: D:11 (give 3 potions of resistance)

Annotations:
D:10 exclusion: 2 doors
D:12 1 exclusion
Lair:2 exclusion: oklob plant
Lair:4 3 exclusions
Lair:5 2 transporters
Spider:2 Jorgrun


Innate Abilities, Weirdness & Mutations

You are too large for most types of armour.
((You have tough skin. (AC +1)))


Message History

* * * LOW HITPOINT WARNING * * *
The wolf spider hits you. The wolf spider bites you.
* * * LOW HITPOINT WARNING * * *
The wolf spider hits you.
* * * LOW HITPOINT WARNING * * *
The wolf spider bites you!
* * * LOW HITPOINT WARNING * * *
Jorgrun hits you with a staff of earth!
* * * LOW HITPOINT WARNING * * *
Jorgrun crushes you!
* * * LOW HITPOINT WARNING * * *
The wolf spider hits you!
* * * LOW HITPOINT WARNING * * *
The wolf spider bites you but does no damage.
The wolf spider hits you!
* * * LOW HITPOINT WARNING * * *
The wolf spider bites you!
* * * LOW HITPOINT WARNING * * *
Jorgrun barely misses you. The wolf spider hits you!
You die...

..... #...
#.†## ##..<#
#.#..#
###...##
##....##
##......#
#.sY...##
#^...g....#
#>...?)##.##
#...... ###
#.....#
#...## ##..
#.


You could see Jorgrun and a wolf spider.

Vanquished Creatures
  Rupert (D:12)
  Frances (D:13)
  Kirke (D:13)
  An emperor scorpion (Spider:1)
  An entropy weaver (Spider:2)
  Josephine (Lair:5)
  A fire dragon (D:14)
  7 hydras
  3 centaur warriors
  2 dancing weapons (D:13)
  The ghost of appiemonkey the Spear-Bearer, a novice MiGl of Cheibriados (D:8)
  4 two-headed ogres
  3 tengu warriors
  Urug (D:12)
  5 skeletal warriors
  4 unseen horrors
  The ghost of TheNamelessOne the Insei, a novice OpTm of Cheibriados (D:7)
  A deep troll (D:9)
  3 orc knights (Orc:2)
  2 wizards (D:15)
  A necromancer (D:15)
  2 orb spiders (Spider:1)
  4 wolf spiders
  10 ugly things
  4 orc sorcerers
  A moth of wrath (Spider:1)
  5 elephants (Lair:6)
  2 cyclopes
  12 deep elf magi
  3 molten gargoyles
  14 black mambas
  12 spiny frogs
  A torpor snail (Lair:6)
  4 kobold demonologists (D:11)
  A rime drake (Lair:5)
  7 centaur skeletons
  7 komodo dragons
  A yaktaur (shapeshifter) (D:15)
  An efreet (D:14)
  5 yaktaurs (D:15)
  2 ice devils (Lair:2)
  A demonic crawler (Spider:1)
  A redback zombie (D:14)
  2 polar bears
  14 trolls
  A queen bee (D:14)
  6 meliai
  A wolf spider simulacrum (D:15)
  7 jumping spiders
  A hornet (D:11)
  13 blink frogs
  12 dream sheep
  2 meliai zombies
  3 hippogriffs
  6 tarantellas
  A shadow (D:15)
  17 yaks
  16 redbacks
  3 water elementals
  8 wyverns
  3 steam dragons (Lair:6)
  Eustachio (D:6)
  2 hungry ghosts
  4 wraiths
  9 vampire mosquitoes
  5 hogs (D:13)
  7 basilisks
  Menkaure (D:6)
  5 swamp worms (Lair:4)
  Edmund (D:4)
  8 wargs
  8 water moccasins
  An acid dragon (D:14)
  2 soldier ants
  3 hell hounds (Lair:6)
  10 porcupines
  37 orc warriors
  A black bear (D:6)
  A necrophage (D:9)
  An eye of draining (D:11)
  6 ice beasts
  4 sky beasts
  12 wolves
  7 phantoms
  5 ogres
  29 centaurs
  12 crocodiles
  20 bullfrogs
  4 big kobolds
  A wyvern skeleton (D:13)
  6 scorpions
  29 killer bees
  6 howler monkeys
  5 electric eels
  10 wights
  6 centaur zombies
  2 lava snakes (Lair:6)
  5 crimson imps
  3 bullfrog zombies
  5 hounds
  11 orc priests
  2 jellies
  14 orc wizards
  A bullfrog skeleton (D:5)
  Ijyb (D:5)
  5 iguanas
  11 worker ants
  2 hound zombies (D:5)
  2 hound skeletons
  A howler monkey zombie (D:5)
  3 worker ant zombies
  11 adders
  4 shadow imps
  9 adder zombies
  3 adder skeletons
  3 dart slugs
  2 leopard geckos (D:2)
  86 orcs
  2 ball pythons
  3 bats
  3 giant cockroaches
  11 goblins
  12 hobgoblins
  17 jackals
  5 quokkas
  4 frilled lizards
  2 jackal zombies
  11 kobolds
  A leopard gecko skeleton (D:5)
  3 leopard gecko zombies (D:5)
  A quokka zombie (D:5)
  8 rats
  A plant (Lair:2)
800 creatures vanquished.

Vanquished Creatures (others)
  2 humans (D:14)
  An orc warrior (Orc:2)
  An orc (Orc:1)
  17 fungi
  8 plants
29 creatures vanquished.

Grand Total: 829 creatures vanquished

Notes
Turn   | Place    | Note
-------+----------+-------------------------------------------
     0 | D:1      | toffzen the Ogre Transmuter began the quest for the Orb.
     0 | D:1      | Reached XP level 1. HP: 19/19 MP: 3/3
   232 | D:1      | Reached XP level 2. HP: 15/27 MP: 5/5
  1059 | D:1      | Reached XP level 3. HP: 26/35 MP: 7/7
  1469 | D:1      | Learned a level 3 spell: Spider Form
  1531 | D:2      | Found a stormy altar of Qazlal.
  1880 | D:2      | Found a hazy altar of Hepliaklqana.
  1946 | D:2      | Found Gozag's Platinum Reserve.
  1946 | D:2      | Found an opulent altar of Gozag.
  1994 | D:2      | Found a glowing silver altar of Zin.
  2420 | D:2      | Reached XP level 4. HP: 28/42 MP: 8/8
  2982 | D:3      | Reached skill level 1 in Poison Magic
  3832 | D:3      | Reached XP level 5. HP: 30/52 MP: 4/9
  4297 | D:4      | Reached XP level 6. HP: 61/61 MP: 7/10
  4373 | D:4      | Found an iron altar of Okawaru.
  4377 | D:4      | Became a worshipper of Warmaster Okawaru
  4545 | D:4      | Noticed Edmund
  4560 | D:4      | Killed Edmund
  4560 | D:4      | Reached skill level 1 in Invocations
  4708 | D:4      | Found a bloodstained altar of Trog.
  4742 | D:5      | Entered Level 5 of the Dungeon
  4938 | D:5      | Reached XP level 7. HP: 68/70 MP: 7/11
  5152 | D:5      | Learned a level 2 spell: Sticks to Snakes
  5186 | D:5      | Reached * piety under Okawaru
  5227 | D:5      | Found a hide-covered altar of Uskayaw.
  5255 | D:5      | Reached skill level 5 in Unarmed Combat
  5748 | D:5      | Reached skill level 5 in Fighting
  5750 | D:5      | Reached XP level 8. HP: 58/80 MP: 10/12
  6420 | D:5      | Found a shadowy altar of Dithmenos.
  6451 | D:5      | Noticed Ijyb
  6473 | D:5      | Killed Ijyb
  6473 | D:5      | Reached ** piety under Okawaru
  6757 | D:6      | Learned a level 4 spell: Ice Form
  6772 | D:6      | Noticed Eustachio
  6782 | D:6      | Killed Eustachio
  7023 | D:6      | Found Pidy's General Store.
  7293 | D:6      | Found a staircase to the Ecumenical Temple.
  7493 | D:6      | Noticed Menkaure
  7503 | D:6      | Killed Menkaure
  7523 | D:6      | Reached XP level 9. HP: 74/92 MP: 7/13
  7596 | D:6      | Reached skill level 1 in Ice Magic
  7637 | D:6      | Found a bloodstained altar of Trog.
  8289 | D:7      | Reached skill level 5 in Dodging
  8502 | D:7      | Noticed TheNamelessOne's ghost (novice OpTm)
  8517 | D:7      | Killed TheNamelessOne's ghost
  8593 | D:7      | Reached *** piety under Okawaru
  8865 | D:7      | Found a sacrificial altar of Ru.
  8888 | D:7      | You fall through a shaft for 2 floors!
  8967 | D:9      | Reached XP level 10. HP: 104/104 MP: 10/16
  9116 | D:9      | Noticed a two-headed ogre
  9125 | D:9      | Killed a two-headed ogre
  9131 | D:9      | Reached **** piety under Okawaru
  9134 | D:9      | Reached skill level 5 in Spellcasting
  9685 | D:7      | Found a burning altar of Makhleb.
 10479 | D:8      | Found a radiant altar of Vehumet.
 10634 | D:8      | Reached skill level 5 in Transmutations
 11006 | D:8      | Noticed appiemonkey's ghost (novice MiGl)
 11042 | D:8      | Killed appiemonkey's ghost
 11339 | D:8      | Found a basalt altar of Yredelemnul.
 11461 | D:8      | Noticed a salamander
 11471 | D:8      | a salamander changed into a raiju
 11862 | D:9      | Reached XP level 11. HP: 114/115 MP: 11/18
 12427 | D:9      | Found an ornate altar of the Wu Jian Council.
 12491 | D:9      | Noticed a deep troll
 12497 | D:9      | Killed a deep troll
 12838 | D:9      | Reached ***** piety under Okawaru
 13623 | D:10     | Entered Level 10 of the Dungeon
 13634 | D:10     | Reached skill level 10 in Unarmed Combat
 14272 | D:10     | Reached skill level 5 in Ice Magic
 14678 | D:10     | Reached skill level 10 in Fighting
 14896 | D:10     | Found a staircase to the Lair.
 15025 | D:10     | Found Aniam's Gadget Shoppe.
 15134 | Lair:1   | Entered Level 1 of the Lair of Beasts
 15963 | Lair:1   | Received a gift from Okawaru
 16306 | Lair:1   | Got a coiled amber ring
 16338 | Lair:1   | Noticed a five-headed hydra
 16345 | Lair:1   | Killed a five-headed hydra
 16345 | Lair:1   | Reached XP level 12. HP: 71/127 MP: 12/19
 17622 | Lair:3   | Received a gift from Okawaru
 18175 | Lair:3   | Identified the cursed ring of the Albatross {+Inv Int-3 Dex-5 Slay+5} (You found it on level 1 of the Lair of Beasts)
 18379 | Lair:3   | Noticed a five-headed hydra
 18388 | Lair:3   | Killed a five-headed hydra
 18903 | Lair:4   | Found a hole to the Spider Nest.
 19165 | Lair:4   | Received a gift from Okawaru
 19593 | Lair:4   | Reached skill level 5 in Invocations
 19784 | Lair:4   | Found a staircase to the Swamp.
 19897 | Lair:4   | Reached ****** piety under Okawaru
 20092 | Lair:4   | Reached XP level 13. HP: 124/139 MP: 15/20
 20329 | Lair:5   | Received a gift from Okawaru
 20606 | Lair:5   | Found a transporter.
 20716 | Lair:5   | Found a transporter.
 21031 | Lair:6   | Entered Level 6 of the Lair of Beasts
 21031 | Lair:6   | Found the +7 sceptre of Torment
 21031 | Lair:6   | Noticed Josephine
 21419 | Lair:5   | Killed Josephine
 21985 | Lair:6   | Received a gift from Okawaru
 22849 | Lair:6   | Found a viscous altar of Jiyva.
 22849 | Lair:6   | Found a staircase to the Slime Pits.
 22894 | Lair:6   | Learned a level 5 spell: Blade Hands
 23133 | Lair:6   | Reached XP level 14. HP: 153/153 MP: 21/21
 24309 | Lair:6   | Received a gift from Okawaru
 24833 | D:11     | Reached skill level 10 in Dodging
 25335 | D:11     | Found a portal to a secret trove of treasure.
 25631 | D:12     | Found a staircase to the Orcish Mines.
 25683 | D:12     | Noticed Urug
 25692 | D:12     | Killed Urug
 26160 | D:12     | Noticed Rupert
 26183 | D:12     | Killed Rupert
 26631 | D:13     | Found a gate to the Vaults.
 26747 | D:13     | Noticed Frances
 26758 | D:13     | Killed Frances
 27076 | D:13     | Learned a level 1 spell: Apportation
 27904 | D:14     | Noticed Kirke
 28192 | D:13     | Received a gift from Okawaru
 28192 | D:13     | Reached XP level 15. HP: 152/163 MP: 16/22
 28270 | D:13     | Killed Kirke
 28944 | D:13     | Received a gift from Okawaru
 28947 | D:13     | Got a pitted shield {god gift}
 28989 | D:13     | Identified the +2 shield of Wasted Space {Regen+ Int+3} (Okawaru gifted it to you on level 13 of the Dungeon)
 29014 | D:13     | Reached skill level 1 in Shields
 29506 | D:14     | Learned a level 4 spell: Summon Lightning Spire
 29875 | D:15     | Entered Level 15 of the Dungeon
 30190 | D:15     | Found a radiant altar of Vehumet.
 30340 | D:15     | Reached skill level 5 in Shields
 31477 | D:15     | Found Juibaxide's Assorted Antiques.
 31592 | D:15     | Found a staircase to the Depths.
 31795 | Orc:1    | Entered Level 1 of the Orcish Mines
 32110 | Orc:1    | Reached XP level 16. HP: 137/174 MP: 20/23
 32298 | Orc:2    | Entered Level 2 of the Orcish Mines
 32326 | Orc:2    | Found a staircase to the Elven Halls.
 33935 | Orc:2    | Received a gift from Okawaru
 34130 | Orc:2    | Found a burning altar of Makhleb.
 34176 | Orc:2    | Found Azizudih's Armour Shoppe.
 34176 | Orc:2    | Found Tehukoups's Magic Scroll Shop.
 34178 | Orc:2    | Found Qepej Abecw's Magic Scroll Boutique.
 34180 | Orc:2    | Found Segag's Weapon Emporium.
 34194 | Orc:2    | Bought a scarf of repulsion for 168 gold pieces
 34674 | Spider:1 | Entered Level 1 of the Spider Nest
 36449 | Spider:2 | Reached skill level 10 in Invocations
 36523 | Spider:2 | Noticed Jorgrun
 36541 | Spider:2 | HP: 4/208 [wolf spider (7)]
 36541 | Spider:2 | Slain by a wolf spider

Skill      XL: |  1  2  3  4  5  6  7  8  9 10 11 12 13 14 15 16 |
---------------+-------------------------------------------------+-----
Transmutations | 2 3 4 5 6 7 8 |  8.3
Unarmed Combat | 3 4 5 7 8 9 10 12 13 14 | 14.8
Fighting       | 2 3 4 5 6 7 9 10 11 13 14 | 14.8
Poison Magic   | 1 |  1.0
Dodging        | 2 3 4 5 6 7 8 9 10 11 | 11.1
Invocations    | 1 2 3 5 7 9 10 | 10.0
Spellcasting   | 3 4 5 |  5.0
Ice Magic      | 2 4 5 6 |  6.0
Shields        | 8 9 |  9.2

Action                   |  1- 3 |  4- 6 |  7- 9 | 10-12 | 13-15 | 16-18 || total
-------------------------+-------+-------+-------+-------+-------+-------++-------
Melee: Unarmed           |   223 |   183 |   381 |   654 |  1026 |   345 ||  2812
       Punch             |     2 |     1 |     5 |     5 |     6 |       ||    19
Throw: Stone             |    10 |     6 |     3 |       |       |       ||    19
 Cast: Spider Form       |     1 |    16 |    38 |    54 |    29 |    10 ||   148
       Ice Form          |       |       |       |    21 |    79 |    29 ||   129
       Sticks to Snakes  |       |       |       |       |     5 |     1 ||     6
Invok: Heroism           |       |       |     8 |    16 |    41 |    10 ||    75
       Finesse           |       |       |       |       |     2 |     1 ||     3
 Abil: End Transformatio |       |       |       |     2 |    15 |     4 ||    21
Evoke: Wand              |       |       |       |     5 |    17 |       ||    22
  Use: Scroll            |     3 |     3 |     6 |    18 |     8 |     2 ||    40
       Potion            |       |       |       |     7 |     2 |     2 ||    11
 Stab: Sleeping          |       |     1 |       |       |     1 |       ||     2
       Distracted        |       |     1 |       |       |       |       ||     1
  Eat: Chunk             |     5 |     7 |     8 |    16 |    26 |     9 ||    71
       Ration            |       |     1 |     3 |     8 |     9 |     3 ||    24
Armor: Robe              |    56 |    23 |    21 |    22 |    22 |       ||   144
       Skin              |       |    10 |     8 |    38 |   169 |    54 ||   279
Dodge: Dodged            |   104 |   123 |   279 |   577 |   801 |   466 ||  2350
Block: Shield            |       |       |       |       |       |    14 ||    14
